 Dungeon Crawl Stone Soup version 0.31-a0-435-g2c6fae2916 (webtiles) character file.

Game seed: 8540693534744425950

200 AdnanSaban the Trooper (level 5, -3/33 HPs)
             Began as a Gargoyle Fighter on Aug 1, 2023.
             Slain by Pikel
             ... wielding a +2 whip of flaming
              (6 damage)
             ... on level 5 of the Dungeon.
             The game lasted 00:02:37 (2282 turns).

AdnanSaban the Trooper (Gargoyle Fighter)           Turns: 2282, Time: 00:02:38

Health: -3/33      AC: 11    Str: 22    XL:     5   Next: 79%
Magic:  5/5        EV:  9    Int:  8    God:
Gold:   81         SH:  4    Dex:  9    Spells: 4/4 levels left

rFire   . . .        a - +0 flail
rCold   . . .        c - +0 buckler
rNeg    + . .        b - +0 scale mail
rPois   ∞            (no helmet)
rElec   +            (no cloak)
rCorr   .            (no gloves)
SInv    .            (no boots)
Will    .....        (no amulet) Stlth
                     (no ring)
HPRegen 0.25/turn    (no ring)
MPRegen 0.09/turn

%: no passive effects
@: no status effects
A: sickness immunity, AC +4, negative energy resistance 1, electricity
resistance, torment resistance 1, petrification resistance
a: no special abilities


You were on level 5 of the Dungeon.
You visited 1 branch of the dungeon, and saw 5 of its levels.

You collected 81 gold pieces.

Inventory:

Hand Weapons
 a - a +0 flail (weapon)
Missiles
 s - a throwing net
Armour
 b - a +0 scale mail (worn)
 c - a +0 buckler (worn)
Scrolls
 e - a scroll of brand weapon {unknown}
 h - a scroll of enchant weapon {unknown}
 i - 2 scrolls of acquirement {unknown}
 j - a scroll of teleportation {unknown}
 k - a scroll of silence {unknown}
 m - 2 scrolls of poison {unknown}
 o - 3 scrolls of immolation {unknown}
 p - a scroll of identify {unknown}
 q - a scroll of enchant armour {unknown}
 t - a scroll of fear {unknown}
Potions
 d - a potion of might
 f - a potion of enlightenment {unknown}
 g - a potion of heal wounds {unknown}
 l - 2 potions of lignification {unknown}
 n - a potion of haste {unknown}
 r - a potion of ambrosia {unknown}


   Skills:
 + Level 4.3 Fighting
 + Level 3.5 Maces & Flails
 + Level 4.2 Armour
 + Level 0.9 Dodging
 + Level 0.5 Stealth
 + Level 4.1 Shields


You had 4 spell levels left.
You didn't know any spells.
Your spell library contained the following spells:

 Spells                   Type           Power      Damage    Failure   Level
 Apportation              Tloc           0%         N/A       80%         1
 Sting                    Tmut/Pois      0%         1d3       80%         1
 Blink                    Tloc           0%         N/A       90%         2
 Lesser Beckoning         Tloc           0%         N/A       90%         2
 Momentum Strike          Conj/Tloc      0%         3d8       90%         2
 Poisonous Vapours        Pois/Air       0%         N/A       90%         2
 Ignite Poison            Fire/Tmut/Pois 0%         N/A       99%         3
 Olgreb's Toxic Radiance  Pois           0%         N/A       100%        4
 Alistair's Intoxication  Tmut/Pois      0%         N/A       100%        5
 Freezing Cloud           Conj/Ice/Air   0%         6-21      100%        5
 Cigotuvi's Dreadful Rot  Necr/Pois/Air  Unusable   N/A       N/A         2

Dungeon Overview and Level Annotations

Branches:
Dungeon (5/15)
 Temple: D:4-7

Altars:
Fedhas
Wu Jian

Annotations:
D:5 Pikel


Innate Abilities, Weirdness & Mutations

You are immune to sickness and miasma.
Your stone body is resilient. (AC +4)
You are immune to poison.
You resist negative energy. (rN+)
You are resistant to electric shocks. (rElec)
You are resistant to unholy torment.
You are immune to petrification.


Message History

The lemure attacks as you move away! You block the lemure's attack.
A ball python comes into view.
The ball python hisses angrily.
The kobold throws a stone.
The stone hits you but does no damage. The lemure attacks as you move away!
The lemure closely misses you.
The kobold throws a stone.
The stone hits you but does no damage.
Found 10 gold pieces.
The lemure attacks as you move away! The lemure barely misses you.
The kobold throws a stone.
You block the stone.
You closely miss the ball python. The lemure hits you but does no damage.
The kobold throws a stone.
The stone hits you.
* * * LOW HITPOINT WARNING * * *
The ball python bites you.
* * * LOW HITPOINT WARNING * * *
The ball python grabs you. The ball python constricts you.
You escape the ball python's grasp.
You block the ball python's attack. The ball python grabs you.
The ball python constricts you.
The ball python's grasp on you weakens, but your attempt to escape fails.
The lemure hits you but does no damage.
The ball python bites you but does no damage.
The ball python constricts you.
You escape the ball python's grasp.
The orc attacks as you move away! You block the orc's attack.
The lemure attacks as you move away! The lemure hits you but does no damage.
The ball python closely misses you. The ball python grabs you.
The ball python constricts you.
There is a stone staircase leading down here.
The ball python's grasp on you weakens, but your attempt to escape fails.
The orc hits you but does no damage. The ball python loses its grip on you.
The gnoll hits you but does no damage.
The gnoll hits you from afar with a +0 spear.
* * * LOW HITPOINT WARNING * * *
You block the orc's attack.
You climb downwards.
Reactivating autopickup.
There is a stone staircase leading up here.
Unknown command.
You barely miss the orc. The orc hits you but does no damage.
You block Pikel's attack.
Pikel hits you with a +2 whip of flaming.
You die... ########### #.o@K...... #.######... #

You could see Pikel and an orc.

Vanquished Creatures
  A gnoll sergeant (D:3)
  4 gnolls
  3 adders
  2 worms
  A dart slug (D:1)
  2 orcs (D:3)
  4 endoplasms
  3 giant cockroaches
  11 goblins
  5 hobgoblins
  2 jackals (D:2)
  2 quokkas (D:2)
  7 ball pythons
  6 bats
  4 frilled lizards
  8 kobolds
  6 rats
71 creatures vanquished.

Notes
Turn   | Place    | Note
-------+----------+-------------------------------------------
     0 | D:1      | AdnanSaban the Gargoyle Fighter began the quest for the
                  | Orb.
     0 | D:1      | Reached XP level 1. HP: 14/14 MP: 1/1
   136 | D:1      | Reached XP level 2. HP: 19/19 MP: 2/2
   273 | D:1      | Reached XP level 3. HP: 22/23 MP: 3/3
   621 | D:2      | Found an ornate altar of the Wu Jian Council.
   871 | D:2      | Found a faded altar of an unknown god.
  1045 | D:2      | Reached XP level 4. HP: 29/29 MP: 4/4
  1257 | D:3      | Found a blossoming altar of Fedhas.
  1866 | D:4      | Identified the +8 quarterstaff "Loopy" {holy, rN+}
  1883 | D:4      | Noticed a gnoll sergeant
  1955 | D:3      | Killed a gnoll sergeant
  1956 | D:3      | Reached XP level 5. HP: 14/33 MP: 5/5
  2236 | D:4      | Noticed Pikel
  2236 | D:4      | Noticed a lemure
  2236 | D:4      | Noticed a lemure
  2236 | D:4      | Noticed a lemure
  2236 | D:4      | Noticed a lemure
  2281 | D:5      | Entered Level 5 of the Dungeon
  2282 | D:5      | Slain by Pikel

Illustrated notes

Levels and vault maps discovered:
D:1:      amcnicky_arrival_underground_garden, layout_rooms
D:2:      layout_basic, basic_altar, hellmonk_ecumenical_altar_inner_sanctum,
          grunt_ministairs_3, chequers_decorated_corner,
          minmay_indecisive_spiral
D:3:      layout_rooms, nicolae_overflow_hidden_temple, minmay_cupped
D:4:      layout_basic, hangedman_abyss_or_decor_stagger, uniq_pikel,
          uniq_duvessa
D:5:      layout_basic, minmay_temple_entry_statues_fountains,
          hangedman_decor_points, grunt_decor_one_mirror,
          kennysheep_generic_room_8

Skill      XL: |  1  2  3  4 |
---------------+-------------+-----
Shields        | 4 |  4.1
Fighting       | 4 |  4.3
Maces & Flails | 3 |  3.5
Armour         | 4 |  4.2
Dodging        | |  0.9
Stealth        | |  0.5

Action                     |  1- 3 |  4- 6 || total
---------------------------+-------+-------++-------
  Melee: Flail             |   113 |   118 ||   231
 Armour: Scale mail        |    73 |    82 ||   155
  Dodge: Dodged            |    60 |    73 ||   133
  Block: Buckler           |    28 |    37 ||    65

Table legend: (Time is in decaauts)
 A = Elapsed time spent in this place.
 B = Non-inter-level travel time spent in this place.
 C = Inter-level travel time spent in this place.
 D = Time resting spent in this place.
 E = Time spent auto-exploring this place.
 F = Levels seen in this place.
 G = Mean time per level.
                   A        B        C        D        E       F      G
               +--------+--------+--------+--------+--------+-----+--------+
         Total |   2355 |   2269 |     86 |    171 |   1491 |   5 |  471.0 |
       Dungeon |   2355 |   2269 |     86 |    171 |   1491 |   5 |  471.0 |
               +--------+--------+--------+--------+--------+-----+--------+

Top non-repeatable levels by time:
     D:3: 803 daAuts
     D:2: 741 daAuts
     D:1: 583 daAuts
     D:4: 225 daAuts
     D:5: 0 daAuts
